 Dungeon Crawl Stone Soup version 0.31-a0-986-g5e6e4ef867 (webtiles) character file.

Game seed: 9645531316504952239

153 gelatine the Chopper (level 5, 0/61 HPs)
             Began as a Demonspawn Fighter on Nov 16, 2023.
             Slain by an orc wizard
             ... wielding a +0 dagger
              (2 damage)
             ... on level 4 of the Dungeon.
             The game lasted 00:06:05 (2088 turns).

gelatine the Chopper (Demonspawn Fighter)           Turns: 2088, Time: 00:06:06

Health: 0/61       AC: 26    Str: 16 (18) XL:     5   Next: 12%
Magic:  5/5        EV:  2    Int:  8 (10) God:
Gold:   183        SH:  4    Dex: 10 (12) Spells: 4/4 levels left

rFire   . . .        a - +0 war axe
rCold   . . .        c - +0 buckler
rNeg    . . .        e - melded +0 fire dragon scales
rPois   +            (helmet currently unavailable)
rElec   .            (cloak currently unavailable)
rCorr   .            (gloves currently unavailable)
SInv    .            t - melded +0 pair of boots
Will    .....        (no amulet)
Stlth   +            l - +4 ring of protection
HPRegen 0.30/turn    (no ring)
MPRegen 0.09/turn

%: no passive effects
@: brilliant, lethally poisoned (0 -> -4), tree-form, invisible
A: stationary, stasis, torment immunity, boosted hp, ignite blood 1, (spiny 2)
a: no special abilities


You were on level 4 of the Dungeon.
You were a tree.
You visited 1 branch of the dungeon, and saw 4 of its levels.

You collected 183 gold pieces.

Inventory:

Hand Weapons
 a - a +0 war axe (weapon)
 f - a +0 war axe
Missiles
 j - 2 silver javelins
 o - 3 boomerangs
Armour
 c - a +0 buckler (worn)
 e - +0 fire dragon scales (melded)
 t - a +0 pair of boots (melded)
Jewellery
 l - a +4 ring of protection (left branch)
 u - an amulet of faith
Scrolls
 b - a scroll of fear {unknown}
 h - a scroll of amnesia {unknown}
 i - 5 scrolls of identify {unknown}
 k - a scroll of enchant weapon {unknown}
 p - 2 scrolls of fog {unknown}
 q - a scroll of vulnerability {unknown}
 s - 2 scrolls of teleportation {unknown}
Potions
 d - a potion of might
 g - 2 potions of degeneration


   Skills:
 + Level 3.6 Fighting
 + Level 3.7 Axes
 + Level 3.1 Armour
 + Level 0.7 Dodging
 + Level 0.3 Stealth
 + Level 3.0 Shields


You had 4 spell levels left.
You didn't know any spells.
Your spell library contained the following spells:

 Spells                   Type           Power      Damage    Failure   Level
 Freeze                   Ice            0%         1d3       50%         1
 Frozen Ramparts          Ice            0%         1d1       86%         3
 Hailstorm                Conj/Ice       0%         3d3       86%         3


Dungeon Overview and Level Annotations

Branches:
Dungeon (4/15)
 Temple: D:4-7

Altars:
Yredelemnul


Innate Abilities, Weirdness & Mutations

You are a tree.
Your roots penetrate the ground, keeping you stationary.
You cannot be teleported.
You are immune to unholy pain and torment.
Your maximum health is greatly increased.
Your equipment is partially melded.
Your demonic aura sometimes causes spilled blood to erupt in flames.
((You are mostly covered in sharp spines.))


Message History

Sharp spines emerge from more of your body.
You hit the orc priest.
The orc priest is heavily wounded.
You hit the orc but do no damage. You miss something.
* * * LOW HITPOINT WARNING * * *
You feel very sick. Something hits you but does no damage.
Deactivating autopickup; reactivate with Ctrl-A.
The orc is struck by your spines. The orc closely misses you.
The orc hits you but does no damage. Something hits you but does no damage.
It was a potion of degeneration.
There was something very wrong with that liquid.
You feel weakened.
You feel dopey.
You feel clumsy.
* * * LOW HITPOINT WARNING * * *
You feel very sick. The orc hits you but does no damage.
You block something's attack.
It was a potion of brilliance.
You feel clever all of a sudden.
* * * LOW HITPOINT WARNING * * *
You feel sick. You block the orc's attack.
The orc wizard hits you but does no damage.
The orc is struck by your spines. The orc hits you but does no damage.
It was a potion of lignification.
You turn into a tree.
Your +0 pair of boots melds into your body.
Your +0 fire dragon scales melds into your body.
Your roots penetrate the ground.
You feel sick. You block the orc's attack.
The orc wizard hits you but does no damage.
The orc hits you but does no damage. Something hits you but does no damage.
It was a potion of invisibility.
You fade into invisibility!
You feel sick.
The orc priest hits you but does no damage.
The orc hits you but does no damage. x2
You hear some strange, mumbled words.
A magic dart appears from out of thin air!
The magic dart hits you.
* * * LOW HITPOINT WARNING * * *
You block the orc's attack.
The orc wizard hits you with a +0 dagger.
You die...

### #<# #.# #.# #.#
##################'#####
.......oo..$...........#
.......o♣{.....†.......#
.......oo................
.......................#.
.........#######+#.......
.......... ........
.........## #.#####.
.........# .# .........#


You could see an orc priest (unable to see you), an orc wizard (unable to see
you) and 3 orcs.

Vanquished Creatures
  An orc wizard (D:4)
  3 adders
  2 adder zombies (D:3)
  A worm (D:2)
  3 orcs
  7 endoplasms
  A giant cockroach (D:2)
  7 goblins
  14 hobgoblins
  10 jackals
  6 kobolds
  3 quokkas
  6 ball pythons
  3 bats
  2 frilled lizards
  13 rats
82 creatures vanquished.

Notes
Turn   | Place    | Note
-------+----------+-------------------------------------------
     0 | D:1      | gelatine the Demonspawn Fighter began the quest for the
                  | Orb.
     0 | D:1      | Reached XP level 1. HP: 18/18 MP: 1/1
   123 | D:1      | Gained mutation: Your demonic aura sometimes causes spilled
                  | blood to erupt in flames. [demonic ancestry]
   123 | D:1      | Reached XP level 2. HP: 24/24 MP: 2/2
   219 | D:1      | Reached XP level 3. HP: 29/29 MP: 3/3
   934 | D:2      | Gained mutation: You are partially covered in sharp spines.
                  | [demonic ancestry]
   934 | D:2      | Reached XP level 4. HP: 35/35 MP: 4/4
  1207 | D:2      | Found a faded altar of an unknown god.
  1536 | D:3      | Found a basalt altar of Yredelemnul.
  2084 | D:4      | Gained mutation: You are mostly covered in sharp spines.
                  | [demonic ancestry]
  2084 | D:4      | Reached XP level 5. HP: 13/41 MP: 5/5
  2088 | D:4      | HP: 2/61 [something/magic dart (3)]
  2088 | D:4      | Slain by an orc wizard

Illustrated notes

Levels and vault maps discovered:
D:1:      lemuel_arrival_room, layout_rooms, serial_rivers,
          chequers_serial_rivers_marsh, chequers_serial_rivers_large_a,
          chequers_serial_rivers_marsh, chequers_serial_rivers_micro_c,
          chequers_serial_rivers_small_3, minmay_rat_gold_closets
D:2:      layout_loops_cross, basic_ecumenical_altar
D:3:      layout_basic, lemuel_zombie_altar_yredelemnul, minmay_box_of_dots
D:4:      layout_basic, ebering_ghost_sewer_f

Skill      XL: |  1  2  3 |
---------------+----------+-----
Axes           | 2 3 |  3.7
Armour         | 3 |  3.1
Shields        | 3 |  3.0
Fighting       | |  3.6
Dodging        | |  0.7
Stealth        | |  0.3

Action                     |  1- 3 |  4- 6 || total
---------------------------+-------+-------++-------
  Melee: War axe           |    98 |    44 ||   142
    Use: Potion            |       |     4 ||     4
 Armour: Scale mail        |    36 |       ||    36
         Fire dragon scale |    30 |    50 ||    80
         Skin              |       |     8 ||     8
  Dodge: Dodged            |    46 |    19 ||    65
  Block: Buckler           |    22 |    19 ||    41

Table legend: (Time is in decaauts)
 A = Elapsed time spent in this place.
 B = Non-inter-level travel time spent in this place.
 C = Inter-level travel time spent in this place.
 D = Time resting spent in this place.
 E = Time spent auto-exploring this place.
 F = Levels seen in this place.
 G = Mean time per level.
                   A        B        C        D        E       F      G
               +--------+--------+--------+--------+--------+-----+--------+
         Total |   2164 |   2065 |     99 |      0 |   1554 |   4 |  541.0 |
       Dungeon |   2164 |   2065 |     99 |      0 |   1554 |   4 |  541.0 |
               +--------+--------+--------+--------+--------+-----+--------+

Top non-repeatable levels by time:
     D:1: 825 daAuts
     D:2: 727 daAuts
     D:3: 575 daAuts
     D:4: 36 daAuts
